 Dungeon Sprint DCSS version 0.20-a0-16-g0876c8e (webtiles) character file.

402086 Naow the Minotaur Barricade (level 21, -25/246 HPs)
             Began as a Minotaur Berserker on Nov 4, 2016.
             Was the Champion of Trog.
             Killed from afar by Giomn the pandemonium lord (46 damage)
             ... with a great blast of fire
             ... in the Dungeon (Sprint IX: "|||||||||||||||||||||||||||||").
             The game lasted 01:05:24 (10681 turns).

Naow the Minotaur Barricade (Minotaur Berserker)   Turns: 10681, Time: 01:05:25

Health: -25/246    AC: 33    Str: 25    XL:     21   Next: 16%
Magic:  37/37      EV: 19    Int:  3    God:    Trog [******]
Gold:   1928       SH: 33    Dex: 10    Spells: 0 memorised, 41 levels left

rFire  + + .     SeeInvis .     p - +8 war axe (vamp)
rCold  . . .     Gourm    +     V - +3 plate armour of Analysis {rElec rN+ Slay+2}
rNeg   + . .     Faith    .     C - +6 large shield {reflect}
rPois  +         Spirit   .     (helmet restricted)
rElec  +         Reflect  +     L - +2 cloak
rCorr  .         Harm     .     y - +0 pair of gloves
MR     +++..     NoTele   +     B - +0 pair of boots
Stlth  ++........               T - amulet "Kughiad" {Gourm rPois rF+}
                                I - ring of protection from fire
                                Z - ring of Luqamuwa {rPois Slay+4 Stlth+}

@: exhausted, very slightly contaminated, regenerating, hasted and slowed
A: retaliatory headbutt, horns 2, clumsy 1, dopey 2, robust 1, screaming 1, slow
regeneration 1, weak 1, MP-powered wands
a: Berserk, Trog's Hand, Brothers in Arms, Burn Spellbooks, Renounce Religion
0: Orb of Zot
}: 5/15 runes: decaying, serpentine, barnacled, silver, gossamer


You were in the Dungeon.
You worshipped Trog.
Trog was exalted by your worship.
You were very full.

You visited 1 branch You collected 1928 gold pieces.

Inventory:

Hand Weapons
 p - a +8 vampiric war axe (weapon)
 r - the +2 battleaxe "Biur Ergh" {flame, Int+8 Stlth-}
   (Trog gifted it to you in the Dungeon)

   It has been specially enchanted to burn those struck by it, causing extra
   injury to most foes and up to half again as much damage against particularly
   susceptible opponents.
   Big, fiery blades are also staple armaments of hydra-hunters.
   It affects your intelligence (+8).
   It makes you less stealthy.
 u - the +11 broad axe of Vyahov {chop, +Inv rF+ rC+++ Int-4, unknown}
   (Trog gifted it to you in the Dungeon)

   It inflicts extra damage upon your enemies.
   It affects your intelligence (-4).
   It protects you from fire.
   It renders you almost immune to cold.
   It lets you turn invisible.
 E - a +2 antimagic executioner's axe
 G - the +9 eveningstar "Cyfiowk" {crush, *Slow +Fly rC+++}
   (Trog gifted it to you in the Dungeon)

   It inflicts extra damage upon your enemies.
   It renders you almost immune to cold.
   It lets you fly.
   It may slow you when you take damage.
 N - a +3 executioner's axe of chopping
 R - a +7 antimagic war axe
 Y - the +13 broad axe of Ruloicic {flame, rF+ MR+}
   (Trog gifted it to you in the Dungeon)

   It has been specially enchanted to burn those struck by it, causing extra
   injury to most foes and up to half again as much damage against particularly
   susceptible opponents.
   Big, fiery blades are also staple armaments of hydra-hunters.
   It protects you from fire.
   It affects your resistance to hostile enchantments.
Armour
 e - +1 fire dragon scales
 j - +0 gold dragon scales
 y - a +0 pair of gloves (worn)
 B - a +0 pair of boots (worn)
 C - a +6 large shield of reflection (worn)
 L - a +2 cloak (worn)
 V - the +3 plate armour of Analysis (worn) {rElec rN+ Slay+2}
   (You found it in the Dungeon)

   It affects your accuracy and damage with ranged weapons and melee attacks
   (+2).
   It insulates you from electricity.
   It protects you from negative energy.
Jewellery
 F - a +4 ring of protection
 I - a ring of protection from fire (right hand)
 J - an uncursed ring of protection from magic
 K - an uncursed ring of protection from cold
 S - the ring "Zoseugut" {rElec rPois MR+++ Str+4 Int-3}
   (You found it in the Dungeon)

   [ring of strength]

   It affects your strength (+4).
   It affects your intelligence (-3).
   It insulates you from electricity.
   It protects you from poison.
   It affects your resistance to hostile enchantments.
 T - the amulet "Kughiad" (around neck) {Gourm rPois rF+}
   (You found it in the Dungeon)

   [amulet of the gourmand]

   It allows you to eat raw meat even when not hungry.
   It protects you from fire.
   It protects you from poison.
 Z - the ring of Luqamuwa (left hand) {rPois Slay+4 Stlth+}
   (You found it in the Dungeon)

   [ring of slaying]

   It affects your accuracy and damage with ranged weapons and melee attacks
   (+4).
   It protects you from poison.
   It makes you more stealthy.
Wands
 m - a wand of iceblast (7/15)
 q - a wand of hasting (5/9)
Scrolls
 i - 5 scrolls of blinking
 l - 5 scrolls of remove curse
 s - 3 scrolls of fog
 t - 4 scrolls of fear
 v - 4 scrolls of recharging
Potions
 a - a potion of flight
 c - 2 potions of agility
 d - 3 potions of curing
 g - 5 potions of magic
 h - 3 potions of berserk rage
 k - a potion of invisibility
 o - a potion of brilliance
Comestibles
 b - 3 bread rations
 n - a beef jerky
 x - a royal jelly
 z - 23 fruits
 A - 12 meat rations


   Skills:
 O Level 27 Fighting
 O Level 27 Axes
 + Level 18.3(24.4) Maces & Flails
 O Level 27 Throwing
 O Level 27 Armour
 O Level 27 Dodging
 O Level 27 Stealth
 O Level 27 Shields
 + Level 17.0 Unarmed Combat
 - Level 10.5 Spellcasting
 O Level 27 Evocations


You had 41 spell levels left.
You didn't know any spells.

Dungeon Overview and Level Annotations

Branches:
Dungeon (1/1)

Altars:
Cheibriados
Dithmenos
Elyvilon
Fedhas
Gozag
Hepliaklqana
Kikubaaqudgha
Makhleb
Nemelex Xobeh
Okawaru
Qazlal
Ru
Sif Muna
Trog
Uskayaw
Vehumet
Xom
Yredelemnul
Zin
The Shining One
Beogh
Jiyva
Lugonu

Shops:
D }*:(


Innate Abilities, Weirdness & Mutations

You reflexively headbutt those who attack you in melee.
You have a pair of horns on your head.
You are clumsy. (Dex -2)
You are very dopey. (Int -4)
You are robust. (+10% HP)
You occasionally shout uncontrollably at your foes.
You regenerate slowly when monsters are visible.
You are weak. (Str -2)
You expend magic power (3 MP) to strengthen your wands.


Message History

You are engulfed in roaring flames.
You resist.
* * * LOW HITPOINT WARNING * * *
The angel is engulfed in roaring flames.
The angel gestures.
The angel is healed somewhat.
You slice the angel!!
You kill the angel!
Trog accepts your kill.
You are engulfed in roaring flames.
You resist.
You're standing in a cloud of flame!
You're standing in a cloud of flame!
You're standing in a cloud of flame!
There is an open door to the Spider Nest here.
Items here: )) [[ a whip of holy wrath; a robe; a great sword of flaming; fire dragon scales You start resting.
Giomn gestures at you.
A raging storm of fire appears!
The great blast of fire engulfs you! You partially resist.
You die...

)()))'.....))..))))).............
▓▓▓▓▓▓▓▓▓▓▓▓▓▓▓▓▓▓▓▓▓▓▓▓▓▓▓▓▓▓▓▓▓
...).............................
▓▓▓▓▓▓▓▓▓▓▓▓▓▓▓▓▓▓▓▓▓▓▓▓▓▓▓▓▓▓▓▓.
.[[[[[[[..)))))))).....'.........
▓▓▓▓▓▓▓▓▓▓▓▓▓▓▓▓▓▓▓▓▓▓▓▓▓▓▓▓▓▓▓▓▓
..).....)................&.......
▓▓▓▓▓▓▓▓▓▓▓▓▓▓▓▓▓▓▓▓▓▓▓▓▓▓▓▓▓▓▓▓.
.))))))'.......)@)....(&.........
▓▓▓▓▓▓▓▓▓▓▓▓▓▓▓▓▓▓▓▓▓▓▓▓▓▓▓▓▓▓▓▓▓
...................).............
▓▓▓▓▓▓▓▓▓▓▓▓▓▓▓▓▓▓▓▓▓▓▓▓▓▓▓▓▓▓▓▓.
.............)(((.........())....
▓▓▓▓▓▓▓▓▓▓▓▓▓▓▓▓▓▓▓▓▓▓▓▓▓▓▓▓▓▓▓▓▓
.................)...............
▓▓▓▓▓▓▓▓▓▓▓▓▓▓▓▓▓▓▓▓▓▓▓▓▓▓▓▓▓▓▓▓.
[[...))).)).....))).'............


You could see Giomn.

Vanquished Creatures
  3 pandemonium lords (D)
  2 seraphim (D)
  5 orbs of fire (D)
  Mara (D)
  An ancient lich (D)
  A juggernaut (D)
  Sojobo (D)
  Frederick (D)
  A curse toe (D)
  A Killer Klown (D)
  3 golden dragons (D)
  2 bone dragons (D)
  2 Tzitzimimeh (D)
  2 electric golems (D)
  Rupert (D)
  38 Orb Guardians (D)
  3 tentacled monstrosities (D)
  A lich (D)
  An Ice Fiend (D)
  A quicksilver dragon (D)
  3 Executioners (D)
  A sphinx (D)
  4 death cobs (D)
  Frances (D)
  Agnes (D)
  2 storm dragons (D)
  2 tengu reavers (D)
  A draconian monk (D)
  Ilsuiw (D)
  8 shadow dragons (D)
  6 nagarajas (D)
  A fire giant (D)
  3 frost giants (D)
  Aizul (D)
  A vault warden (D)
  4 draconian knights (D)
  2 draconian shifters (D)
  3 ghost moths (D)
  6 emperor scorpions (D)
  A balrug (D)
  2 draconian zealots (D)
  3 cacodemons (D)
  A spriggan defender (D)
  4 angels (D)
  3 draconian annihilators (D)
  A reaper (D)
  3 stone giants (D)
  2 very ugly things (D)
  4 ironheart preservers (D)
  A draconian caller (D)
  A black draconian (D)
  A mottled draconian (D)
  A red draconian (D)
  A green draconian (D)
  6 white draconians (D)
  4 purple draconians (D)
  2 yellow draconians (D)
  Snorg (D)
  A merfolk javelineer (D)
  A crystal guardian (D)
  2 merfolk impalers (D)
  An ettin (D)
  3 fire dragons (D)
  4 yaktaur captains (D)
  2 great orbs of eyes (D)
  4 ice dragons (D)
  3 naga warriors (D)
  An anaconda (D)
  3 merfolk avatars (D)
  25 vault guards (D)
  10 hydras (D)
  7 merfolk aquamancers (D)
  An alligator (D)
  A deep troll shaman (D)
  2 deep troll earth magi (D)
  Urug (D)
  5 ogre magi (D)
  A spriggan berserker (D)
  3 sun demons (D)
  Sonja (D)
  A soul eater (D)
  7 sixfirhies (D)
  3 sea snakes (D)
  6 swamp dragons (D)
  An unseen horror (D)
  2 wizards (D)
  An ironbrand convoker (D)
  A naga ritualist (D)
  A shadow demon (D)
  A harpy (D)
  A shambling mangrove (D)
  A necromancer (D)
  5 orc knights (D)
  5 wolf spiders (D)
  A hill giant (D)
  5 orc sorcerers (D)
  2 orb spiders (D)
  An orb spider (shapeshifter) (D)
  A manticore (D)
  A cyclops (D)
  An ugly thing (D)
  A moth of wrath (shapeshifter) (D)
  2 black mambas (D)
  9 moths of wrath (D)
  A siren (D)
  Maurice (D)
  6 guardian serpents (D)
  4 rust devils (D)
  3 vault sentinels (D)
  A water nymph (D)
  A smoke demon (D)
  5 orange demons (D)
  A gargoyle (D)
  A hellion (D)
  3 yaktaurs (D)
  3 demonic crawlers (D)
  2 hellwings (D)
  3 ice devils (D)
  2 freezing wraiths (D)
  4 red devils (D)
  A jumping spider (D)
  A merfolk (D)
  A troll (D)
  4 hornets (D)
  A wind drake (D)
  2 slime creatures (D)
  2 hippogriffs (D)
  A hippogriff (shapeshifter) (D)
  4 redbacks (D)
  A water elemental (D)
  4 ynoxinuls (D)
  A wraith (D)
  2 chaos spawn (D)
  2 vampire mosquitoes (D)
  A basilisk (D)
  Grum (D)
  3 nagas (D)
  A warg (D)
  A soldier ant (D)
  8 hell hounds (D)
  A water moccasin (D)
  2 porcupines (D)
  A black bear (shapeshifter) (D)
  9 orc warriors (D)
  2 swamp drakes (D)
  An eye of draining (D)
  An ice beast (D)
  A black bear (D)
  A sky beast (D)
  6 wolves (D)
  An ogre (D)
  A small abomination (D)
  5 crocodiles (D)
  A big kobold (D)
  4 bullfrogs (D)
  A wight (D)
  A crimson imp (D)
  A quasit (D)
  3 orc priests (D)
  An iron imp (D)
  13 orc wizards (D)
  An adder (D)
  2 shadow imps (D)
  An ufetubus (D)
  An ooze (D)
  An adder zombie (D)
  An adder skeleton (D)
  3 leopard geckos (D)
  2 orcs (D)
  A bat skeleton (D)
  2 bat zombies (D)
  A goblin (D)
  2 hobgoblins (D)
  A kobold (D)
  A quokka zombie (D)
466 creatures vanquished.

Vanquished Creatures (collateral kills)
  Jory (D)
  2 stone giants (D)
  A fire dragon (D)
  2 tengu warriors (D)
  3 orc warriors (D)
  3 orc priests (D)
  An adder (shapeshifter) (D)
  An orc (D)
14 creatures vanquished.

Vanquished Creatures (others)
  A seraph (D)
  Nikola (D)
  An Executioner (D)
  A ghost moth (D)
  An unseen horror (D)
  An orange demon (D)
6 creatures vanquished.

Grand Total: 486 creatures vanquished

Notes
Turn   | Place    | Note
-------+----------+-------------------------------------------
     0 | D        | Naow the Minotaur Berserker began the quest for the Orb.
     0 | D        | Reached XP level 1. HP: 19/19 MP: 0/0
     8 | D        | Reached skill level 5 in Axes
     9 | D        | Reached ** piety under Trog
   164 | D        | Noticed an orc wizard
   166 | D        | Reached XP level 2. HP: 26/26 MP: 1/1
   167 | D        | Reached *** piety under Trog
   170 | D        | Received a gift from Trog
   170 | D        | Reached XP level 3. HP: 31/31 MP: 2/2
   219 | D        | Found a roughly hewn altar of Beogh.
   219 | D        | Found a snail-covered altar of Cheibriados.
   219 | D        | Found a shadowy altar of Dithmenos.
   219 | D        | Found a white marble altar of Elyvilon.
   219 | D        | Found a blossoming altar of Fedhas.
   219 | D        | Found an opulent altar of Gozag.
   220 | D        | Found a hazy altar of Hepliaklqana.
   221 | D        | Found a viscous altar of Jiyva.
   222 | D        | Found an ancient bone altar of Kikubaaqudgha.
   223 | D        | Found a corrupted altar of Lugonu.
   224 | D        | Found a burning altar of Makhleb.
   225 | D        | Found a sparkling altar of Nemelex Xobeh.
   226 | D        | Found an iron altar of Okawaru.
   227 | D        | Found a stormy altar of Qazlal.
   228 | D        | Found a sacrificial altar of Ru.
   229 | D        | Found a deep blue altar of Sif Muna.
   230 | D        | Found a bloodstained altar of Trog.
   231 | D        | Found a hide-covered altar of Uskayaw.
   232 | D        | Found a radiant altar of Vehumet.
   233 | D        | Found a shimmering altar of Xom.
   234 | D        | Found a basalt altar of Yredelemnul.
   235 | D        | Found a glowing silver altar of Zin.
   236 | D        | Found a glowing golden altar of the Shining One.
   282 | D        | Noticed a soldier ant
   282 | D        | Noticed a sky beast
   282 | D        | Noticed a big kobold
   285 | D        | Killed a big kobold
   285 | D        | Reached **** piety under Trog
   285 | D        | Reached XP level 4. HP: 39/39 MP: 3/3
   290 | D        | Killed a sky beast
   290 | D        | Reached XP level 5. HP: 45/45 MP: 4/4
   294 | D        | Killed a soldier ant
   294 | D        | Reached skill level 15 in Axes
   294 | D        | Reached XP level 6. HP: 51/51 MP: 5/5
   299 | D        | Reached ***** piety under Trog
   310 | D        | Killed an unseen horror
   310 | D        | Reached XP level 7. HP: 19/57 MP: 6/6
   522 | D        | Noticed a hornet
   522 | D        | Noticed a hill giant
   526 | D        | Killed a hill giant
   526 | D        | Reached XP level 8. HP: 64/64 MP: 7/7
   531 | D        | Killed a hornet
   671 | D        | Noticed a hippogriff
   680 | D        | Killed a hippogriff
   680 | D        | Reached ****** piety under Trog
   683 | D        | Reached XP level 9. HP: 70/70 MP: 8/8
   690 | D        | Received a gift from Trog
   716 | D        | Got a jewelled battleaxe {god gift}
   717 | D        | Identified the +6 battleaxe of Checks and Balances {venom, rF+ Str+4 Int+2 Dex+2} (Trog gifted it to you in the Dungeon)
   820 | D        | Noticed a seven-headed hydra
   825 | D        | Killed a nine-headed hydra
   830 | D        | Received a gift from Trog
   915 | D        | Reached XP level 10. HP: 77/77 MP: 9/9
   928 | D        | Received a gift from Trog
  1007 | D        | Noticed Maurice
  1016 | D        | Killed Maurice
  1026 | D        | Noticed Urug
  1032 | D        | Noticed Grum
  1038 | D        | Killed Urug
  1038 | D        | Reached skill level 5 in Armour
  1041 | D        | Reached skill level 5 in Dodging
  1044 | D        | Killed Grum
  1251 | D        | Received a gift from Trog
  1259 | D        | Received a gift from Trog
  1274 | D        | Received a gift from Trog
  1379 | D        | Noticed an orc knight
  1391 | D        | Received a gift from Trog
  1398 | D        | Killed an orc knight
  1561 | D        | Found Lameob's Weapon Boutique.
  1561 | D        | Noticed an orc sorcerer
  1561 | D        | Noticed an orc sorcerer
  1563 | D        | Noticed an orc sorcerer
  1570 | D        | Killed an orc sorcerer
  1573 | D        | Received a gift from Trog
  1573 | D        | Reached XP level 11. HP: 97/97 MP: 10/10
  1574 | D        | Found Qemupp's Book Shop.
  1578 | D        | Killed an orc sorcerer
  1579 | D        | Found Fophos's General Store.
  1582 | D        | Killed an orc sorcerer
  1583 | D        | Found Pozuts's Gadget Shop.
  1584 | D        | Received a gift from Trog
  1587 | D        | Noticed an orc sorcerer
  1591 | D        | Noticed an orc sorcerer
  1593 | D        | Killed an orc sorcerer
  1593 | D        | Reached skill level 10 in Fighting
  1593 | D        | Reached skill level 10 in Armour
  1604 | D        | Killed an orc sorcerer
  1604 | D        | Received a gift from Trog
  1632 | D        | Got a shimmering eveningstar {god gift}
  1633 | D        | Identified the +9 eveningstar "Cyfiowk" {crush, *Slow +Fly rC+++} (Trog gifted it to you in the Dungeon)
  1693 | D        | Noticed Sonja
  1700 | D        | Killed Sonja
  1700 | D        | Received a gift from Trog
  1884 | D        | Noticed a red very ugly thing
  1889 | D        | Noticed a stone giant
  1892 | D        | Noticed a brown very ugly thing
  1894 | D        | Noticed an ogre mage
  1899 | D        | Killed a red very ugly thing
  1899 | D        | Received a gift from Trog
  1903 | D        | Noticed a wizard
  1909 | D        | Killed a stone giant
  1915 | D        | Killed a brown very ugly thing
  1923 | D        | Killed an ogre mage
  1936 | D        | Received a gift from Trog
  1940 | D        | Killed a wizard
  1940 | D        | Reached skill level 15 in Shields
  1940 | D        | Reached XP level 12. HP: 61/110 MP: 11/11
  2239 | D        | Received a gift from Trog
  2245 | D        | Received a gift from Trog
  2281 | D        | Noticed an anaconda
  2282 | D        | Noticed a nagaraja
  2288 | D        | Killed an anaconda
  2293 | D        | Noticed a naga warrior
  2296 | D        | Received a gift from Trog
  2304 | D        | Killed a nagaraja
  2311 | D        | Killed a naga warrior
  2449 | D        | Noticed an alligator
  2449 | D        | Noticed a seven-headed hydra
  2449 | D        | Noticed a six-headed hydra
  2459 | D        | Killed a six-headed hydra
  2459 | D        | Received a gift from Trog
  2464 | D        | Killed a seven-headed hydra
  2468 | D        | Killed an alligator
  2490 | D        | Received a gift from Trog
  2526 | D        | Noticed a merfolk javelineer
  2529 | D        | Reached XP level 13. HP: 100/116 MP: 4/12
  2547 | D        | Killed a merfolk javelineer
  2547 | D        | Received a gift from Trog
  2566 | D        | Received a gift from Trog
  2641 | D        | Noticed Agnes
  2652 | D        | Killed Agnes
  2674 | D        | Noticed Frances
  2690 | D        | Killed Frances
  2728 | D        | Noticed a spriggan defender
  2728 | D        | Noticed a fire dragon
  2749 | D        | Killed a fire dragon
  2752 | D        | Noticed a fire dragon
  2753 | D        | Noticed a fire giant
  2754 | D        | Received a gift from Trog
  2766 | D        | Noticed a frost giant
  2771 | D        | Killed a spriggan defender
  2782 | D        | Noticed a fire dragon
  2786 | D        | Noticed a stone giant
  2792 | D        | Noticed a stone giant
  2802 | D        | Killed a fire dragon
  2807 | D        | Killed a fire giant
  2807 | D        | Reached skill level 27 in Shields
  2807 | D        | Reached skill level 10 in Dodging
  2815 | D        | Killed a frost giant
  2815 | D        | Received a gift from Trog
  2820 | D        | Killed a fire dragon
  2823 | D        | Killed a stone giant
  2828 | D        | Killed a stone giant
  2939 | D        | Received a gift from Trog
  3042 | D        | Got a pitted broad axe {god gift}
  3043 | D        | Identified the +8 broad axe of the Original Sin {drain, rPois rN+ Int+4 Stlth-} (Trog gifted it to you in the Dungeon)
  3070 | D        | Noticed an ironheart preserver
  3111 | D        | Killed an ironheart preserver
  3111 | D        | Reached XP level 14. HP: 127/127 MP: 13/13
  3157 | D        | Received a gift from Trog
  3174 | D        | Noticed an ironheart preserver
  3197 | D        | Received a gift from Trog
  3251 | D        | Killed an ironheart preserver
  3251 | D        | Received a gift from Trog
  3308 | D        | Received a gift from Trog
  3593 | D        | Noticed Rupert
  3624 | D        | Killed Rupert
  3624 | D        | Reached skill level 15 in Fighting
  3624 | D        | Reached skill level 15 in Armour
  3682 | D        | Noticed Nikola
  3704 | D        | Noticed Jory
  3710 | D        | Killed Nikola
  3734 | D        | Killed Jory
  3898 | D        | Got the +3 plate armour of Analysis {rElec rN+ Slay+2}
  3961 | D        | Noticed Mara
  3963 | D        | Noticed Naow's illusion
  4033 | D        | Noticed Naow's illusion
  4069 | D        | Killed Mara
  4069 | D        | Reached skill level 15 in Dodging
  4313 | D        | Noticed Sojobo
  4314 | D        | Noticed a tengu reaver
  4315 | D        | Noticed a tengu reaver
  4361 | D        | Killed Sojobo
  4373 | D        | Killed a tengu reaver
  4384 | D        | Killed a tengu reaver
  4774 | D        | Noticed an emperor scorpion
  4774 | D        | Noticed an emperor scorpion
  4774 | D        | Noticed an emperor scorpion
  4788 | D        | Killed an emperor scorpion
  4795 | D        | Killed an emperor scorpion
  4795 | D        | Reached XP level 15. HP: 149/149 MP: 0/14
  4799 | D        | Received a gift from Trog
  4807 | D        | Killed a ghost moth
  4822 | D        | Killed a ghost moth
  4834 | D        | Killed a ghost moth
  4834 | D        | Received a gift from Trog
  5001 | D        | Got a gossamer rune of Zot
  5028 | D        | Received a gift from Trog
  5066 | D        | Received a gift from Trog
  5078 | D        | Got a slimy battleaxe {god gift}
  5083 | D        | Got a decaying rune of Zot
  5379 | D        | Noticed a nagaraja
  5379 | D        | Noticed a nagaraja
  5384 | D        | Killed a nagaraja
  5388 | D        | Noticed a nagaraja
  5389 | D        | Killed a nagaraja
  5391 | D        | Received a gift from Trog
  5395 | D        | Noticed a nagaraja
  5399 | D        | Killed a nagaraja
  5400 | D        | Noticed a nagaraja
  5403 | D        | Received a gift from Trog
  5410 | D        | Killed a nagaraja
  5415 | D        | Killed a nagaraja
  5415 | D        | Received a gift from Trog
  5435 | D        | Got a serpentine rune of Zot
  5460 | D        | Noticed Ilsuiw
  5465 | D        | Received a gift from Trog
  5483 | D        | Killed Ilsuiw
  5487 | D        | Received a gift from Trog
  5498 | D        | Received a gift from Trog
  5520 | D        | Received a gift from Trog
  5526 | D        | Got a barnacled rune of Zot
  5757 | D        | Noticed Snorg
  5764 | D        | Killed Snorg
  5764 | D        | Reached XP level 16. HP: 170/170 MP: 11/15
  5828 | D        | Noticed Frederick
  5841 | D        | Killed Frederick
  5859 | D        | Noticed Aizul
  5874 | D        | Killed Aizul
  5940 | D        | Received a gift from Trog
  5982 | D        | Received a gift from Trog
  6017 | D        | Received a gift from Trog
  6056 | D        | Received a gift from Trog
  6132 | D        | Noticed a shadow dragon
  6137 | D        | Received a gift from Trog
  6141 | D        | Noticed a sphinx
  6159 | D        | Received a gift from Trog
  6162 | D        | Noticed a shadow dragon
  6168 | D        | Killed a shadow dragon
  6172 | D        | Noticed a shadow dragon
  6177 | D        | Killed a sphinx
  6181 | D        | Received a gift from Trog
  6192 | D        | Killed a shadow dragon
  6203 | D        | Killed a shadow dragon
  6261 | D        | Noticed a tentacled monstrosity
  6261 | D        | Noticed a shadow dragon
  6270 | D        | Noticed a shadow dragon
  6270 | D        | Killed a tentacled monstrosity
  6270 | D        | Received a gift from Trog
  6272 | D        | Noticed a shadow dragon
  6275 | D        | Killed a shadow dragon
  6290 | D        | Received a gift from Trog
  6290 | D        | Reached XP level 17. HP: 190/190 MP: 16/16
  6308 | D        | Reached skill level 27 in Fighting
  6315 | D        | Reached skill level 27 in Armour
  6318 | D        | Got a silver rune of Zot
  6320 | D        | Got a warped tin ring
  6330 | D        | Got a bloodstained broad axe {god gift}
  6336 | D        | Identified the +13 broad axe of Ruloicic {flame, rF+ MR+} (Trog gifted it to you in the Dungeon)
  6399 | D        | Identified the +2 battleaxe "Biur Ergh" {flame, Int+8 Stlth-} (Trog gifted it to you in the Dungeon)
  6401 | D        | Identified the ring "Zoseugut" {rElec rPois MR+++ Str+4 Int-3} (You found it in the Dungeon)
  6608 | D        | Got the ring "Ideytahu" {rElec rPois Int+4 Stlth-}
  6610 | D        | Got the ring "Loosch" {+Fly EV+3 Str+3 Dex+2 Slay-4}
  6612 | D        | Got the amulet "Kughiad" {Gourm rPois rF+}
  6614 | D        | Got the ring "Kedar" {-Tele rElec rN+ Dex+3}
  6616 | D        | Got the ring of Luqamuwa {rPois Slay+4 Stlth+}
  6867 | D        | Noticed a juggernaut
  6878 | D        | Received a gift from Trog
  6898 | D        | Killed a juggernaut
  6898 | D        | Reached skill level 27 in Dodging
  6923 | D        | Got a twisted broad axe {god gift}
  6953 | D        | Noticed a golden dragon
  6953 | D        | Noticed a bone dragon
  6953 | D        | Noticed a bone dragon
  6963 | D        | Killed a bone dragon
  6963 | D        | Received a gift from Trog
  6973 | D        | Killed a bone dragon
  6973 | D        | Reached skill level 27 in Axes
  6984 | D        | Reached skill level 5 in Stealth
  6988 | D        | Killed a golden dragon
  6997 | D        | Received a gift from Trog
  7003 | D        | Reached skill level 10 in Stealth
  7099 | D        | Received a gift from Trog
  7124 | D        | Received a gift from Trog
  7143 | D        | Reached skill level 15 in Stealth
  7195 | D        | Noticed a Killer Klown
  7211 | D        | Received a gift from Trog
  7230 | D        | Killed a Killer Klown
  7230 | D        | Received a gift from Trog
  7271 | D        | Noticed a golden dragon
  7278 | D        | Received a gift from Trog
  7316 | D        | Killed a golden dragon
  7316 | D        | Reached XP level 18. HP: 150/200 MP: 12/17
  7323 | D        | Received a gift from Trog
  7494 | D        | Noticed a tentacled monstrosity
  7502 | D        | Noticed a golden dragon
  7510 | D        | Killed a tentacled monstrosity
  7535 | D        | Received a gift from Trog
  7548 | D        | Killed a golden dragon
  7686 | D        | Noticed an Orb Guardian
  7686 | D        | Noticed an Orb Guardian
  7686 | D        | Noticed an Orb Guardian
  7686 | D        | Noticed an Orb Guardian
  7686 | D        | Noticed an Orb Guardian
  7686 | D        | Noticed an Orb Guardian
  7693 | D        | Killed an Orb Guardian
  7694 | D        | Noticed an Orb Guardian
  7697 | D        | Killed an Orb Guardian
  7701 | D        | Killed an Orb Guardian
  7701 | D        | Received a gift from Trog
  7705 | D        | Killed an Orb Guardian
  7706 | D        | Noticed an Orb Guardian
  7712 | D        | Killed an Orb Guardian
  7716 | D        | Killed an Orb Guardian
  7720 | D        | Killed an Orb Guardian
  7721 | D        | Noticed an Orb Guardian
  7723 | D        | Killed an Orb Guardian
  7723 | D        | Received a gift from Trog
  7724 | D        | Noticed an Orb Guardian
  7735 | D        | Killed an Orb Guardian
  7742 | D        | Killed an Orb Guardian
  7774 | D        | Noticed an Orb Guardian
  7774 | D        | Noticed an Orb Guardian
  7774 | D        | Noticed a curse toe
  7774 | D        | Noticed a tentacled monstrosity
  7781 | D        | Killed a tentacled monstrosity
  7781 | D        | Reached skill level 27 in Stealth
  7783 | D        | Noticed an Orb Guardian
  7790 | D        | Killed a curse toe
  7791 | D        | Noticed an Orb Guardian
  7799 | D        | Killed an Orb Guardian
  7806 | D        | Killed an Orb Guardian
  7806 | D        | Reached skill level 5 in Spellcasting
  7813 | D        | Received a gift from Trog
  7823 | D        | Killed an Orb Guardian
  7829 | D        | Killed an Orb Guardian
  7829 | D        | Reached skill level 10 in Evocations
  7857 | D        | Noticed an ancient lich
  7872 | D        | Killed an ancient lich
  7894 | D        | Noticed an orb of fire
  7898 | D        | Gained mutation: You expend magic power (3 MP) to strengthen your wands. [an orb of fire]
  7909 | D        | Killed an orb of fire
  7909 | D        | Reached skill level 10 in Spellcasting
  7909 | D        | Reached XP level 19. HP: 207/207 MP: 30/32
  7921 | D        | Noticed an electric golem
  7929 | D        | Killed an electric golem
  7929 | D        | Received a gift from Trog
  7934 | D        | Noticed an electric golem
  7934 | D        | Noticed an orb of fire
  7937 | D        | Noticed an orb of fire
  7937 | D        | Gained mutation: You are robust. (+10% HP) [an orb of fire]
  7938 | D        | Noticed an orb of fire
  7939 | D        | Gained mutation: You are clumsy. (Dex -2) [an orb of fire]
  7941 | D        | Gained mutation: Your spells are a little easier to cast, but a little less powerful. [an orb of fire]
  7941 | D        | Gained mutation: You are weak. (Str -2) [an orb of fire]
  7948 | D        | Gained mutation: Scrolls take you a little longer to read. [an orb of fire]
  7951 | D        | Gained mutation: You are dopey. (Int -2) [an orb of fire]
  7959 | D        | Killed an orb of fire
  7971 | D        | Killed an orb of fire
  7971 | D        | Received a gift from Trog
  7973 | D        | Gained mutation: Armour fits poorly on your strangely shaped body. [an orb of fire]
  7979 | D        | Gained mutation: You occasionally shout uncontrollably at your foes. [an orb of fire]
  7986 | D        | Killed an orb of fire
  8055 | D        | Received a gift from Trog
  8077 | D        | Killed an electric golem
  8077 | D        | Received a gift from Trog
  8453 | D        | Lost mutation: Scrolls take you a little longer to read. [potion of cure mutation]
  8453 | D        | Lost mutation: Armour fits poorly on your strangely shaped body. [potion of cure mutation]
  8453 | D        | Lost mutation: Your spells are a little easier to cast, but a little less powerful. [potion of cure mutation]
  8462 | D        | Noticed an orb of fire
  8476 | D        | Killed an orb of fire
  8657 | D        | Received a gift from Trog
  8711 | D        | Received a gift from Trog
  8723 | D        | Reached skill level 27 in Evocations
  8827 | D        | Got the Orb of Zot
  9081 | D        | Reached skill level 5 in Throwing
  9252 | D        | Reached XP level 20. HP: 237/237 MP: 36/36
  9266 | D        | Received a gift from Trog
  9266 | D        | Reached skill level 10 in Throwing
  9386 | D        | Received a gift from Trog
  9480 | D        | Reached skill level 15 in Throwing
  9507 | D        | Received a gift from Trog
  9613 | D        | Noticed a seraph
  9621 | D        | Received a gift from Trog
  9632 | D        | Killed a seraph
  9632 | D        | Received a gift from Trog
  9709 | D        | Received a gift from Trog
  9724 | D        | Gained mutation: You regenerate slowly when monsters are visible. [a cacodemon]
  9805 | D        | Received a gift from Trog
  9902 | D        | Noticed Ehew the pandemonium lord
  9927 | D        | Killed Ehew the pandemonium lord
  9927 | D        | Received a gift from Trog
  9942 | D        | Received a gift from Trog
 10021 | D        | Noticed Pecka the pandemonium lord
 10025 | D        | Received a gift from Trog
 10045 | D        | Killed Pecka the pandemonium lord
 10052 | D        | Received a gift from Trog
 10141 | D        | Received a gift from Trog
 10184 | D        | Received a gift from Trog
 10186 | D        | Noticed a seraph
 10216 | D        | Killed a seraph
 10216 | D        | Reached skill level 27 in Throwing
 10248 | D        | Reached skill level 10 in Unarmed Combat
 10252 | D        | Received a gift from Trog
 10302 | D        | Noticed Ujexomir the pandemonium lord
 10320 | D        | Killed Ujexomir the pandemonium lord
 10320 | D        | Received a gift from Trog
 10320 | D        | Reached skill level 15 in Maces & Flails
 10320 | D        | Reached XP level 21. HP: 134/245 MP: 37/37
 10325 | D        | Noticed Giomn the pandemonium lord
 10329 | D        | Gained mutation: You are very dopey. (Int -4) [a cacodemon]
 10359 | D        | Received a gift from Trog
 10359 | D        | Reached skill level 15 in Unarmed Combat
 10395 | D        | HP: 1/246 [Giomn the pandemonium lord/great blast of fire (60)]
 10648 | D        | Noticed a seraph
 10675 | D        | Killed a seraph
 10681 | D        | Killed from afar by Giomn the pandemonium lord

Vault maps used:
D:        linesprint

Skill      XL: |  1  2  3  4  5  6  7  8  9 10 11 12 13 14 15 16 17 18 19 20 21 |
---------------+----------------------------------------------------------------+-----
Axes           | 7 9 11 13 15 18 19 21 24 27 | 27.0
Fighting       | 9 11 12 18 22 26 27 | 27.0
Armour         | 8 10 12 18 22 26 27 | 27.0
Dodging        | 7 9 11 16 21 25 27 | 27.0
Shields        | 15 22 27 | 27.0
Stealth        | 20 27 | 27.0
Spellcasting   | 10 | 10.5
Evocations     | 13 27 | 27.0
Throwing       | 9 27 | 27.0
Maces & Flails | 15 18 | 18.3
Unarmed Combat | 14 17 | 17.0

Action                   |  1- 3 |  4- 6 |  7- 9 | 10-12 | 13-15 | 16-18 | 19-21 || total
-------------------------+-------+-------+-------+-------+-------+-------+-------++-------
Melee: Hand axe          |    14 |       |       |       |   326 |       |       ||   340
       Headbutt          |     4 |     6 |    16 |    56 |   190 |   220 |   167 ||   659
       Broad axe         |     1 |    20 |    35 |       |    99 |   287 |       ||   442
       Battleaxe         |       |       |    24 |    90 |       |       |       ||   114
       Eveningstar       |       |       |       |   151 |   335 |    64 |       ||   550
       War axe           |       |       |       |       |       |   403 |   688 ||  1091
Invok: Berserk           |     3 |       |     4 |     8 |    11 |     9 |     6 ||    41
       Trog's Hand       |     1 |       |     1 |    11 |    15 |    10 |     8 ||    46
       Brothers in Arms  |       |       |       |     2 |    10 |     1 |     1 ||    14
  Use: Potion            |       |     1 |       |       |     8 |       |    21 ||    30
       Scroll            |       |       |       |       |     1 |    13 |     2 ||    16
 Stab: Confused          |       |       |       |     1 |       |       |       ||     1
       Sleeping          |       |       |       |       |       |     2 |     3 ||     5
       Distracted        |       |       |       |       |       |       |     1 ||     1
  Eat: Chunk             |       |       |     2 |    16 |     8 |    43 |     2 ||    71
       Bread ration      |       |       |     1 |       |     3 |     2 |     5 ||    11
       Fruit             |       |       |       |     4 |    13 |       |       ||    17
       Meat ration       |       |       |       |       |     1 |       |       ||     1
Armor: Animal skin       |     2 |       |       |       |       |       |       ||     2
       Plate armour      |     1 |    13 |    22 |    60 |   143 |   119 |    94 ||   452
Dodge: Dodged            |     5 |     1 |    13 |    38 |    69 |   114 |   114 ||   354
Block: Shield            |       |       |       |   122 |   704 |   245 |       ||  1071
       Large shield      |       |       |       |       |       |   352 |   553 ||   905
       Reflection        |       |       |       |       |       |     6 |     2 ||     8
